 Dungeon Crawl Stone Soup version 0.30-a0-1-g69b7b797bf (webtiles) character file.

Game seed: 11913572018782354834

58 BritishOli the Trooper (level 3, 0/29 HPs)
             Began as a Demonspawn Fighter on Aug 19, 2022.
             Slain by Grinder (1 damage)
             ... on level 3 of the Dungeon.
             The game lasted 00:01:03 (2275 turns).

BritishOli the Trooper (Demonspawn Fighter)         Turns: 2275, Time: 00:01:05

Health: 0/29       AC: 13    Str: 18    XL:     3   Next: 76%
Magic:  3/3        EV:  5    Int:  9    God:
Gold:   83         SH:  4    Dex: 12    Spells: 2/2 levels left

rFire   . . .      SeeInvis .    a - +0 long sword
rCold   . . .      Faith    .    c - +0 buckler
rNeg    . . .      Spirit   .    r - +0 plate armour
rPois   .          Reflect  .    (no helmet)
rElec   .          Harm     .    (no cloak)
rCorr   .          Rampage  .    (no gloves)
Will    .....                    (no boots)
Stlth   ..........               (no amulet)
HPRegen 0.09/turn                (no ring)
MPRegen 0.08/turn                (no ring)

@: no status effects
A: slimy green scales 1
a: no special abilities


You were on level 3 of the Dungeon.
You visited 1 branch of the dungeon, and saw 3 of its levels.

You collected 83 gold pieces.

Inventory:

Hand Weapons
 a - a +0 long sword (weapon)
Armour
 b - a +0 scale mail
 c - a +0 buckler (worn)
 r - a +0 plate armour (worn)
Jewellery
 e - a +6 ring of intelligence
 i - a ring of positive energy
 m - a +6 ring of intelligence
Scrolls
 f - a scroll of brand weapon {unknown}
 g - a scroll of blinking {unknown}
 h - 6 scrolls of identify {unknown}
 n - a scroll of vulnerability {unknown}
 q - 2 scrolls of enchant armour {unknown}
 s - a scroll of magic mapping {unknown}
 t - a scroll of immolation {unknown}
Potions
 d - a potion of might
 j - 2 potions of haste {unknown}
 k - a potion of curing {unknown}
 l - a potion of attraction {unknown}
 o - 2 potions of flight {unknown}
 p - 2 potions of heal wounds {unknown}


   Skills:
 + Level 3.5 Fighting
 + Level 2.4 Long Blades
 + Level 3.2 Armour
 + Level 3.1 Shields


You had 2 spell levels left.
You didn't know any spells.
Your spell library contained the following spells:

 Spells                   Type           Power      Damage    Failure   Level
 Necrotise                Necr           0%         1d4       100%        1
 Vampiric Draining        Necr           0%         2d6       100%        3
 Agony                    Necr           0%         N/A       100%        5


Dungeon Overview and Level Annotations

Branches:
Dungeon (3/15)

Altars:

Annotations:
D:3 Grinder


Innate Abilities, Weirdness & Mutations

You are partially covered in slimy green scales. (AC +2)


Message History

There is an open door here.
Key pressed, stopping explore.
No target in view!
h - 6 scrolls labelled DEOTAB WAOFA (gained 1) Done exploring.
No target in view!
Done exploring.
No target in view!
Done exploring.
No target in view!
Done exploring.
No target in view!
No target in view!
Done exploring.
(D) Dungeon
Where to? (Enter - D:2, ? - help)
There is a stone staircase leading down here.
You climb downwards.
The gnoll shouts! x2
There is a stone staircase leading up here.
There are monsters nearby!
There are monsters nearby!
You hit Grinder.
Grinder is lightly wounded.
A bat comes into view.
The gnoll closely misses you. Grinder barely misses you.
There are monsters nearby!
You barely miss Grinder.
Grinder is lightly wounded.
The gnoll hits you from afar with a +0 halberd!
Grinder gestures at you. Pain shoots through your body!
There are monsters nearby!
You slash Grinder!
Grinder is moderately wounded.
The bat hits you but does no damage. The gnoll hits you with a +0 club.
The gnoll hits you from afar with a +0 halberd!
* * * LOW HITPOINT WARNING * * *
Grinder hits you.
You die...

...#
###...###
#.......#
#.......#
#.......#
#.......#
#.5.g...#
#.@gg...#
#..b....#
#.........
######....
... #+


You could see Grinder, 3 gnolls and a bat.

Vanquished Creatures
  2 adders (D:2)
  A dart slug (D:1)
  A bat (D:2)
  6 endoplasms
  2 giant cockroaches (D:2)
  5 goblins
  3 hobgoblins
  5 kobolds
  4 ball pythons
  A frilled lizard (D:2)
  4 rats
34 creatures vanquished.

Notes
Turn   | Place    | Note
-------+----------+-------------------------------------------
     0 | D:1      | BritishOli the Demonspawn Fighter began the quest for the
                  | Orb.
     0 | D:1      | Reached XP level 1. HP: 18/18 MP: 1/1
   242 | D:1      | Gained mutation: You are partially covered in slimy green
                  | scales. (AC +2) [demonic ancestry]
   242 | D:1      | Reached XP level 2. HP: 24/24 MP: 2/2
  1171 | D:2      | Reached XP level 3. HP: 29/29 MP: 3/3
  2272 | D:3      | Noticed Grinder
  2275 | D:3      | HP: 1/29 [gnoll/+0 halberd (9)]
  2275 | D:3      | Slain by Grinder

Illustrated notes

Levels and vault maps discovered:
D:1:      dpeg_arrival_signposts, layout_basic, serial_bayou_crossing
D:2:      layout_loops_corners
D:3:      layout_basic, shapermc_ecumenical_altar_mp_ritualfount, serial_shops,
          shop, uniq_crazy_yiuf_cottage, uniq_grinder

Skill      XL: |  1  2 |
---------------+-------+-----
Long Blades    | 2 |  2.4
Armour         | 3 |  3.2
Shields        | 3 |  3.1
Fighting       | |  3.5

Action                   || total
-------------------------++-------
Melee: Long sword        ||   106
Armor: Scale mail        ||    46
       Plate armour      ||     4
Dodge: Dodged            ||    30
Block: Buckler           ||    24

Table legend: (Time is in decaauts)
 A = Elapsed time spent in this place.
 B = Non-inter-level travel time spent in this place.
 C = Inter-level travel time spent in this place.
 D = Time resting spent in this place.
 E = Time spent auto-exploring this place.
 F = Levels seen in this place.
 G = Mean time per level.
                   A        B        C        D        E       F      G
               +--------+--------+--------+--------+--------+-----+--------+
         Total |   2320 |   2267 |     53 |    491 |   1502 |   3 |  773.3 |
       Dungeon |   2320 |   2267 |     53 |    491 |   1502 |   3 |  773.3 |
               +--------+--------+--------+--------+--------+-----+--------+

Top non-repeatable levels by time:
     D:2: 1433 daAuts
     D:1: 883 daAuts
     D:3: 3 daAuts
